 Dungeon Crawl Stone Soup version 0.27-a0-1071-ga85bd9520d (webtiles) character file.

Game seed: 6246888492997436189

30 RoadToAsh the Skirmisher (level 3, -1/30 HPs)
             Began as a Human Fighter on Apr 24, 2021.
             Slain by Natasha (5 damage)
             ... on level 1 of the Dungeon.
             The game lasted 00:01:28 (1221 turns).

RoadToAsh the Skirmisher (Human Fighter)            Turns: 1221, Time: 00:01:29

Health: -1/30      AC:  6    Str: 17    XL:     3   Next: 35%
Magic:  3/3        EV:  7    Int:  8    God:
Gold:   42         SH:  9    Dex: 12    Spells: 2/2 levels left

rFire    . . .     SeeInvis .   a - +0 long sword
rCold    . . .     Faith    .   c - +0 kite shield
rNeg     . . .     Spirit   .   b - +0 scale mail
rPois    .         Reflect  .   (no helmet)
rElec    .         Harm     .   (no cloak)
rCorr    .         Rampage  .   (no gloves)
Will     .....                  (no boots)
Stlth    ..........             (no amulet)
HPRegen  0.10/turn              (no ring)
MPRegen  0.08/turn              (no ring)

@: slowed, very slow
A: no striking features
a: no special abilities


You were on level 1 of the Dungeon.
You visited 1 branch of the dungeon, and saw 2 of its levels.

You collected 42 gold pieces.

Inventory:

Hand Weapons
 a - a +0 long sword (weapon)
Armour
 b - a +0 scale mail (worn)
 c - a +0 kite shield (worn)
Potions
 d - 2 potions of might
 e - a potion of curing {unknown}
 f - a potion of berserk rage {unknown}


   Skills:
 - Level 4.0 Fighting
 + Level 2.4 Long Blades
 - Level 3.0 Armour
 - Level 3.0 Shields


You had 2 spell levels left.
You didn't know any spells.
Your spell library was empty.

Dungeon Overview and Level Annotations

Branches:
Dungeon (2/15)

Altars:
Yredelemnul

Annotations:
D:1 Natasha


Message History

Natasha mumbles some strange words.
Natasha claws you but does no damage.
You climb upwards.
The crimson imp disappears in a puff of smoke!
There is a stone staircase leading down here.
You closely miss Natasha. Natasha claws you but does no damage.
Natasha claws you.
You closely miss Natasha. Natasha barely misses you. Natasha claws you.
You closely miss Natasha. Natasha claws you but does no damage.
You block Natasha's attack.
You hit Natasha.
Natasha is lightly wounded.
Natasha claws you. Natasha closely misses you. You block Natasha's attack.
You closely miss Natasha.
Natasha is lightly wounded.
Natasha claws you. Natasha claws you!
You hit Natasha.
Natasha is heavily wounded.
Natasha claws you. x2
You closely miss Natasha.
Natasha is heavily wounded.
Natasha stares at you and mumbles some strange words.
The magic dart hits you.
* * * LOW HITPOINT WARNING * * *
Natasha howls an incantation.
Natasha glows brightly for a moment.
Natasha barely misses you.
You riposte.
You hit Natasha.
Natasha is heavily wounded.
You block Natasha's attack.
You miss Natasha.
Natasha is heavily wounded.
Natasha claws you.
* * * LOW HITPOINT WARNING * * *
You block Natasha's attack.
You hit Natasha.
Natasha is severely wounded.
Natasha closely misses you.
You riposte.
You hit Natasha.
Natasha is severely wounded.
Natasha claws you.
You die...

#.###.###.....##+####.......#
..###'###..##.##.# #....)..#
####...##..##.##.# #.......#
#...##..##.##.# #.......#
#.<.##..##..#.# #.......#
#...##..###.#.# #.......#
#...##).# #...# #.......#
######..# ##..####.......#
#..# #.@##.........# #.##
##h##.........# ##.#
#..'...#####.#
#..#########...# #.#
#.........###'## #.# ####
#.#######.# #.# #.# ...#
#.#.......# #.# #.# ##.#
#.#.#########.# #.# ##.#
#.............# #.#


You could see Natasha.

Vanquished Creatures
  A worm (D:2)
  2 dart slugs (D:1)
  A bat (D:2)
  A goblin (D:1)
  3 hobgoblins (D:1)
  3 jackals (D:1)
  3 kobolds (D:1)
  A quokka (D:1)
  3 ball pythons
  2 frilled lizards
  2 rats (D:1)
22 creatures vanquished.

Notes
Turn   | Place    | Note
-------+----------+-------------------------------------------
     0 | D:1      | RoadToAsh the Human Fighter began the quest for the Orb.
     0 | D:1      | Reached XP level 1. HP: 18/18 MP: 1/1
   106 | D:1      | Reached XP level 2. HP: 16/24 MP: 2/2
   382 | D:1      | Found a faded altar of an unknown god.
   519 | D:1      | Reached skill level 4 in Fighting
   519 | D:1      | Reached XP level 3. HP: 30/30 MP: 3/3
  1185 | D:2      | Found a basalt altar of Yredelemnul.
  1185 | D:2      | Noticed Natasha
  1221 | D:1      | Slain by Natasha

Illustrated notes

Levels and vault maps discovered:
D:1:      dpeg_arrival_rooms_a, layout_basic,
          hellmonk_ecumenical_altar_heavens_door
D:2:      layout_basic, basic_altar, minmay_misc_feat_encased,
          chequers_serial_rivers_small_b, uniq_jessica, uniq_natasha

Skill      XL: |  1  2 |
---------------+-------+-----
Fighting       | 4 |  4.0
Long Blades    | |  2.4
Armour         | |  3.0
Shields        | |  3.0

Action                   || total
-------------------------++-------
Melee: Long sword        ||    79
Armor: Scale mail        ||    44
Dodge: Dodged            ||    24
Block: Kite shield       ||    43
       Rpst.: Long sword ||     4

Table legend: (Time is in decaauts)
 A = Elapsed time spent in this place.
 B = Non-inter-level travel time spent in this place.
 C = Inter-level travel time spent in this place.
 D = Time resting spent in this place.
 E = Time spent auto-exploring this place.
 F = Levels seen in this place.
 G = Mean time per level.
                   A        B        C        D        E       F      G
               +--------+--------+--------+--------+--------+-----+--------+
         Total |   1277 |   1244 |     33 |      0 |   1001 |   2 |  638.5 |
       Dungeon |   1277 |   1244 |     33 |      0 |   1001 |   2 |  638.5 |
               +--------+--------+--------+--------+--------+-----+--------+

Top non-repeatable levels by time:
     D:1: 1059 daAuts
     D:2: 218 daAuts
